 Dungeon Crawl Stone Soup version 0.30-a0-760-g5a9884bb7c (webtiles) character file.

Game seed: 9493586883244420115

25 demibob the Ruffian (level 2, 29/29 HPs)
             Began as a Troll Monk on Feb 12, 2023.
             Was a Believer of Zin.
             Quit the game on level 1 of the Dungeon.
             The game lasted 00:00:49 (343 turns).

demibob the Ruffian (Troll Monk)                     Turns: 343, Time: 00:00:50

Health: 29/29      AC:  4    Str: 18    XL:     2   Next: 82%
Magic:  1/1        EV: 10    Int:  6    God:    Zin [**....]
Gold:   25         SH:  0    Dex: 12    Spells: 1/1 levels left

rFire   . . .      SeeInvis .      - Unarmed
rCold   . . .      Faith    .    (no shield)
rNeg    . . .      Spirit   .    a - +0 robe
rPois   .          Reflect  .    (helmet restricted)
rElec   .          Harm     .    (no cloak)
rCorr   .          Rampage  .    (gloves unavailable)
Will    .....                    (boots unavailable)
Stlth   ++                       (no amulet)
HPRegen 1.04/turn                (no ring)
MPRegen 0.07/turn                (no ring)

@: studying Ice Magic
A: large, unfitting armour, claws 3, regeneration 1, shaggy fur 1, tough skin 1
a: Renounce Religion, Recite, Vitalisation, Donate Gold


You were on level 1 of the Dungeon.
You worshipped Zin.
Zin was pleased with you.
You visited 1 branch of the dungeon, and saw 1 of its levels.

You collected 27 gold pieces.
You donated 2 gold pieces to Zin.


Innate Abilities, Weirdness & Mutations

You are too large for most types of armour.
You have claws for hands.
Your natural rate of healing is unusually fast.
You are covered in fur. (AC +1)
You have tough skin. (AC +1)


   Skills:
 - Level 2.4 Fighting
 - Level 2.4 Dodging
 - Level 1.0 Stealth
 + Level 4.1 Unarmed Combat


You had one spell level left.
You didn't know any spells.
Your spell library was empty.

Inventory:

Armour
 a - a +0 robe (worn)
Scrolls
 c - a scroll of identify {unknown}
 f - a scroll of brand weapon {unknown}
 g - a scroll of fog {unknown}
Potions
 b - a potion of ambrosia
 d - 2 potions of brilliance {unknown}
 e - 2 potions of might {unknown}

Dungeon Overview and Level Annotations

Branches:
Dungeon (1/15)

Altars:
Zin

........................#
#...
..#...#######.........#.#
#... ......#
#####.#####.# #...
.###..# #..# # #.... ##
#..# ######.#### ...... #
#..## #.........# .#####
###..####.#.##.##.#
###...........#...#.#
..).#..######...@...#
#####....# #.#...#.#
#.>..# #.##.##... #....#
# ... .... ###### ... .[.
##### ###


There were no monsters in sight!


Message History

The bat hits you. The bat barely misses you.
You closely miss the bat. The bat hits you but does no damage. x2
You claw the bat!
You kill the bat!
No target in view!
Found an orange potion.
Found a chain mail.
e - 2 sedimented dark potions (gained 1)
You see here a +0 chain mail.
d - 2 orange potions (gained 1)
Found a stone staircase leading down.
Found a faded altar of an unknown god.
Okay, then.
A frilled lizard comes into view.
A frilled lizard is nearby!
You miss the frilled lizard.
The frilled lizard bites you but does no damage.
You scratch the frilled lizard.
You kill the frilled lizard!
No target in view!
Found a chain mail.
There is a faded altar of an unknown god here.
This altar belongs to (a) Hepliaklqana, (b) Cheibriados or (c) Zin, but you can't tell which.
Press the corresponding letter to learn more about a god, or press enter to convert or escape to cancel.
Zin accepts your prayer! Zin welcomes you!
You can now recite Zin's Axioms of Law.
You can now call upon Zin for vitalisation.
You pay a tithe of 2 gold.
You can now donate money to Zin.
Are you sure you want to abandon this character and quit the game? (Confirm with "yes".)

Skill      XL: |  1  2 |
---------------+-------+-----
Unarmed Combat | 4 |  4.1
Fighting       | |  2.4
Dodging        | |  2.4
Stealth        | |  1.0

Action                     || total
---------------------------++-------
  Melee: Unarmed           ||    35
   Stab: Sleeping          ||     1
 Armour: Robe              ||    14
  Dodge: Dodged            ||    13

Levels and vault maps discovered:
D:1:      shiori_arrival_whats_in_store_for_you, layout_rooms,
          ebering_ecumenical_altar_box, minmay_tiny_reverse_x

Notes
Turn   | Place    | Note
-------+----------+-------------------------------------------
     0 | D:1      | demibob the Troll Monk began the quest for the Orb.
     0 | D:1      | Reached XP level 1. HP: 22/22 MP: 0/0
     0 | D:1      | Noticed a vine stalker
     0 | D:1      | Noticed a vine stalker
     1 | D:1      | Noticed a demonspawn
     4 | D:1      | Noticed a ghoul
     4 | D:1      | Noticed a ghoul
     7 | D:1      | Noticed a merfolk
     8 | D:1      | Noticed a felid
    11 | D:1      | Noticed a formicid
    13 | D:1      | Noticed a demonspawn
    15 | D:1      | Noticed an elf
    15 | D:1      | Noticed a draconian
    15 | D:1      | Noticed a vampire
    17 | D:1      | Noticed a troll
    17 | D:1      | Noticed a minotaur
    17 | D:1      | Noticed a naga
    19 | D:1      | Noticed an ogre
    19 | D:1      | Noticed an octopode
    37 | D:1      | Reached XP level 2. HP: 28/29 MP: 1/1
   159 | D:1      | Reached skill level 4 in Unarmed Combat
   333 | D:1      | Found a faded altar of an unknown god.
   342 | D:1      | Prayed at the altar of an unknown god.
   342 | D:1      | Became a worshipper of Zin the Law-Giver
   342 | D:1      | Reached * piety under Zin
   342 | D:1      | Reached ** piety under Zin
   343 | D:1      | Quit the game

Vanquished Creatures
  A gnoll (D:1)
  An endoplasm (D:1)
  2 giant cockroaches (D:1)
  2 hobgoblins (D:1)
  2 ball pythons (D:1)
  2 bats (D:1)
  2 frilled lizards (D:1)
  2 kobolds (D:1)
  4 rats (D:1)
18 creatures vanquished.

Table legend: (Time is in decaauts)
 A = Elapsed time spent in this place.
 B = Non-inter-level travel time spent in this place.
 C = Inter-level travel time spent in this place.
 D = Time resting spent in this place.
 E = Time spent auto-exploring this place.
 F = Levels seen in this place.
 G = Mean time per level.
                   A        B        C        D        E       F      G
               +--------+--------+--------+--------+--------+-----+--------+
         Total |    340 |    340 |      0 |      0 |    231 |   1 |  340.0 |
       Dungeon |    340 |    340 |      0 |      0 |    231 |   1 |  340.0 |
               +--------+--------+--------+--------+--------+-----+--------+

Top non-repeatable levels by time:
     D:1: 340 daAuts

Table legend:
 A = Non-vault XP
 B = Vault XP
 C = Vault XP percentage of total XP
 D = Non-vault monster count
 E = Vault monster count
 F = Vault count percentage of total count
                 A         B        C        D         E       F
            +---------+---------+-------+---------+---------+-------
      Total |      34 |       2 |   5.6 |      16 |       2 |  11.1
            +---------+---------+-------+---------+---------+-------
        D:1 |      34 |       2 |   5.6 |      16 |       2 |  11.1
            +---------+---------+-------+---------+---------+-------
